 Dungeon Crawl Stone Soup version 0.29.1 (webtiles) character file.

Game seed: 602909567899841397

35 Marcotte the Firebug (level 3, -3/26 HPs)
             Began as a Hill Orc Fire Elementalist on Sept 12, 2022.
             Shot with a sling bullet by a goblin (6 damage)
             ... on level 2 of the Dungeon.
             The game lasted 00:07:58 (2721 turns).

Marcotte the Firebug (Hill Orc Fire Elementalist)   Turns: 2721, Time: 00:07:59

Health: -3/26      AC:  2    Str: 16    XL:     3   Next: 35%
Magic:  2/6        EV: 12    Int: 17    God:
Gold:   60         SH:  0    Dex: 11    Spells: 3/6 levels left

rFire   . . .      SeeInvis .   g - staff of poison
rCold   . . .      Faith    .   (no shield)
rNeg    . . .      Spirit   .   a - +0 robe
rPois   +          Reflect  .   (no helmet)
rElec   .          Harm     .   (no cloak)
rCorr   .          Rampage  .   (no gloves)
Will    .....                   (no boots)
Stlth   ++........              (no amulet)
HPRegen 0.08/turn               c - +6 ring of strength
MPRegen 0.10/turn               (no ring)

@: no status effects
A: no striking features
a: no special abilities


You were on level 2 of the Dungeon.
You visited 1 branch of the dungeon, and saw 2 of its levels.

You collected 60 gold pieces.

Inventory:

Hand Weapons
 d - a +0 flail
Armour
 a - a +0 robe (worn)
 f - a +0 robe
Magical Staves
 g - a staff of poison (weapon)
 i - a staff of earth
Jewellery
 c - a +6 ring of strength (left hand)


   Skills:
 + Level 0.1 Fighting
 + Level 0.1(0.4) Maces & Flails
 + Level 0.5 Staves
 + Level 1.6 Dodging
 + Level 1.8 Stealth
 + Level 2.1 Spellcasting
 + Level 1.1 Conjurations
 + Level 3.8 Fire Magic


You had 3 spell levels left.
You knew the following spells:

 Your Spells              Type           Power      Damage    Failure   Level
a - Foxfire               Conj/Fire      40%        2x1d6     7%          1
b - Scorch                Fire           28%        2d6       6%          2

Your spell library contained the following spells:

 Spells                   Type           Power      Damage    Failure   Level
 Conjure Flame            Conj/Fire      10%        6-21      22%         3
 Inner Flame              Hex/Fire       8%         N/A       26%         3
 Ensorcelled Hibernation  Hex/Ice        2%         N/A       28%         2
 Spider Form              Tmut/Pois      2%         N/A       50%         3
 Flame Wave               Conj/Fire      10%        2d6       56%         4
 Anguish                  Hex/Necr       0%         N/A       88%         4


Dungeon Overview and Level Annotations

Branches:
Dungeon (2/15)

Altars:


Message History

The goblin shoots a sling bullet.
The sling bullet hits you.
Casting: Scorch (safe; 6% risk of failure)
Confirm with . or Enter, or press ? or * to list all spells.
Flames lash the adder.
The adder is almost dead.
The adder's fire resistance burns away.
The adder bites you.
* * * LOW HITPOINT WARNING * * *
Casting: Scorch (safe; 6% risk of failure)
Confirm with . or Enter, or press ? or * to list all spells.
Flames lash the adder.
The adder is burned terribly!
You kill the adder!
The goblin shoots a sling bullet.
The sling bullet closely misses you.
It was a potion of cancellation.
You feel magically purged.
Your magical contamination has completely faded away.
The goblin unwields a +0 sling.
The goblin wields a +0 club.
The goblin hits you with a +0 club.
* * * LOW HITPOINT WARNING * * *
You miss the goblin. The goblin hits you with a +0 club.
* * * LOW HITPOINT WARNING * * *
Okay, then.
As you read the scroll labelled HANUOC LOXUMEPODGH, it crumbles to dust.
It is a scroll of identify.
You don't have any unidentified items.
The goblin completely misses you. The goblin attacks as you move away!
The goblin closely misses you.
The goblin unwields a +0 club.
The goblin wields a +0 sling.
The goblin shoots a sling bullet.
The sling bullet misses you.
Found a scroll labelled GASOOD XUINOB.
Found a green potion.
The goblin shoots a sling bullet.
The sling bullet hits you but does no damage.
The goblin shoots a sling bullet.
The sling bullet closely misses you.
Found a scroll labelled OVENOSM TUMEO.
The goblin shoots a sling bullet.
The sling bullet hits you.
* * * LOW HITPOINT WARNING * * *
You start resting.
A goblin is nearby!
A bat comes into view.
The goblin shoots a sling bullet.
The sling bullet closely misses you.
The goblin shoots a sling bullet.
The sling bullet hits you.
You die...

##### #....#####
#...@..###..
#.#.....b...
#.#.......
#.#.#..^#.
#.#.#.#.#.#
#.#.#.#.#.# #
#.#.#...#.#.# #
#.#g.....)#.#
#.#.#...........#.


You could see a goblin and a bat (asleep).

Vanquished Creatures
  An adder (D:2)
  4 endoplasms
  A goblin (D:1)
  4 hobgoblins (D:1)
  A quokka (D:1)
  4 ball pythons
  5 bats (D:1)
  2 kobolds
  4 rats
26 creatures vanquished.

Vanquished Creatures (others)
  11 foxfires (D:1)
11 creatures vanquished.

Grand Total: 37 creatures vanquished

Notes
Turn   | Place    | Note
-------+----------+-------------------------------------------
     0 | D:1      | Marcotte the Hill Orc Fire Elementalist began the quest for
                  | the Orb.
     0 | D:1      | Reached XP level 1. HP: 14/14 MP: 3/3
  1021 | D:1      | Reached XP level 2. HP: 15/20 MP: 1/4
  1040 | D:1      | Learned a level 2 spell: Scorch
  2384 | D:2      | Reached XP level 3. HP: 13/26 MP: 0/5
  2721 | D:2      | Shot with a sling bullet by a goblin

Illustrated notes

Levels and vault maps discovered:
D:1:      saegor_arrival_simple_b, layout_basic
D:2:      layout_loops_ring, chequers_ecumenical_altar_twisty,
          minmay_misc_feat_more_columns, minmay_liquid_box, st_stairs_3

Skill      XL: |  1  2  3 |
---------------+----------+-----
Spellcasting   | 2 |  2.1
Fighting       | |  0.1
Maces & Flails | |  0.1
Staves         | |  0.5
Dodging        | |  1.6
Stealth        | |  1.8
Conjurations   | |  1.1
Fire Magic     | |  3.8

Action                   || total
-------------------------++-------
Melee: Flail             ||     9
       Staff             ||    37
 Cast: Foxfire           ||     8
       Scorch            ||    16
  Use: Potion            ||     3
       Scroll            ||     1
Armor: Robe              ||    16
Dodge: Dodged            ||    65
